General information
- name: BNet
- type: Ladder team game (AT/RT)
- host: Battle.net
- saver: Imbecile
map: DragonFalls
- players: 8
- length: 15:28
- speed: Fast
- version: 1.27 W3XP
- replay type: Public
» download(134 KB)
Players
team 1 (loser)
eornvud (
purple | 67 APM | 483 actions | 07:15)
2 Death Knight
1 Death Coil
1 Unholy Aura
» actions
| Assign group hotkey | 15 | |
| Basic commands | 71 | |
| Build / train | 19 | |
| Enter build submenu | 8 | |
| Enter hero's abilities submenu | 2 | |
| Give item / drop item | 1 | |
| Right click | 114 | |
| Select / deselect | 83 | |
| Select group hotkey | 139 | |
| Use ability | 31 | |
483 total
» units
| Acolyte | 6 | |
| Ghoul | 2 | |
| Crypt Fiend | 4 | |
12 total
» buildings
| Crypt | 1 | |
| Altar of Darkness | 1 | |
| Ziggurat | 4 | |
| Graveyard | 1 | |
| Tomb of Relics | 1 | |
| Nerubian Tower | 1 | |
| Halls of the Dead | 1 | |
10 total
» build order
00:06 Crypt
00:07 Altar of Darkness
00:34 Ziggurat
00:59 Graveyard
01:27 Tomb of Relics
01:58 Ziggurat
02:44 Nerubian Tower
03:32 Halls of the Dead
04:28 Ziggurat
04:56 Ziggurat
» items
ellicottcity (
blue | 74 APM | 1138 actions | 15:23)
4 Archmage
2 Summon Water Elemental
2 Brilliance Aura
» actions
| Assign group hotkey | 15 | |
| Basic commands | 70 | |
| Build / train | 60 | |
| Enter build submenu | 37 | |
| Enter hero's abilities submenu | 4 | |
| Give item / drop item | 3 | |
| Right click | 334 | |
| Select / deselect | 302 | |
| Select group hotkey | 228 | |
| Use ability | 85 | |
1138 total
» units
| Peasant | 14 | |
| Footman | 8 | |
| Satyr Shadowdancer | 1 | |
| Furbolg Shaman | 1 | |
| Acolyte | 8 | |
| Ghoul | 2 | |
| Crypt Fiend | 5 | |
| Gryphon Rider | 2 | |
41 total
» buildings
| Altar of Kings | 1 | |
| Farm | 8 | |
| Barracks | 1 | |
| Arcane Vault | 1 | |
| Necropolis | 2 | |
| Ziggurat | 3 | |
| Keep | 1 | |
| Town Hall | 1 | |
| Scout Tower | 10 | |
| Lumber Mill | 1 | |
| Guard Tower | 3 | |
| Spirit Tower | 2 | |
| Castle | 1 | |
| Gryphon Aviary | 2 | |
| Crypt | 1 | |
| Halls of the Dead | 1 | |
| Blacksmith | 1 | |
| Tomb of Relics | 1 | |
41 total
» build order
00:08 Altar of Kings
00:16 Farm
00:23 Barracks
00:54 Farm
01:41 Farm
01:45 Farm
01:58 Arcane Vault
02:41 Farm
04:30 Farm
07:22 Necropolis
07:33 Ziggurat
08:03 Keep
08:07 Town Hall
08:08 Scout Tower
08:09 Scout Tower
08:10 Scout Tower
08:12 Scout Tower
08:18 Lumber Mill
08:42 Necropolis
10:20 Guard Tower
11:01 Ziggurat
11:08 Spirit Tower
11:08 Spirit Tower
11:12 Castle
11:15 Gryphon Aviary
11:17 Gryphon Aviary
11:28 Crypt
11:39 Halls of the Dead
11:50 Ziggurat
12:07 Blacksmith
12:40 Farm
12:41 Farm
12:48 Scout Tower
12:51 Scout Tower
12:53 Scout Tower
12:55 Scout Tower
12:56 Scout Tower
13:01 Scout Tower
13:24 Guard Tower
14:30 Tomb of Relics
» items
| Scroll of Regeneration | 2 | |
| Lesser Clarity Potion | 1 | |
| Potion of Lesser Invulnerability | 1 | |
| Boots of Speed | 1 | |
| Scroll of Town Portal | 1 | |
6 total

»
Joseph.Curwen (
yellow | 92 APM | 1401 actions | 15:16)
2 Death Knight
1 Death Coil
1 Unholy Aura
1 Lich
1 Frost Nova
» actions
| Assign group hotkey | 22 | |
| Basic commands | 9 | |
| Build / train | 44 | |
| ESC pressed | 3 | |
| Enter build submenu | 16 | |
| Enter hero's abilities submenu | 3 | |
| Give item / drop item | 2 | |
| Right click | 516 | |
| Select / deselect | 159 | |
| Select group hotkey | 572 | |
| Use ability | 54 | |
1401 total
» units
| Acolyte | 4 | |
| Ghoul | 2 | |
| Crypt Fiend | 12 | |
18 total
» upgrades
| Creature Attack | 1 | |
| Creature Carapace | 2 | |
| Web | 1 | |
| Burrow | 1 | |
5 total
» buildings
| Graveyard | 2 | |
| Crypt | 1 | |
| Altar of Darkness | 1 | |
| Ziggurat | 8 | |
| Tomb of Relics | 1 | |
| Nerubian Tower | 1 | |
| Halls of the Dead | 1 | |
| Black Citadel | 4 | |
| Sacrificial Pit | 1 | |
| Spirit Tower | 2 | |
| Boneyard | 1 | |
23 total
» build order
00:08 Graveyard
00:11 Graveyard
00:15 Crypt
00:42 Altar of Darkness
00:58 Ziggurat
01:30 Tomb of Relics
02:02 Nerubian Tower
02:35 Ziggurat
03:52 Halls of the Dead
04:24 Ziggurat
06:39 Ziggurat
06:42 Ziggurat
06:45 Ziggurat
06:47 Ziggurat
08:05 Black Citadel
08:05 Black Citadel
08:05 Black Citadel
09:11 Sacrificial Pit
10:10 Spirit Tower
10:16 Spirit Tower
10:42 Ziggurat
11:55 Boneyard
» items
| Rod of Necromancy | 1 | |
| Potion of Healing | 4 | |
| Orb of Corruption | 1 | |
| Scroll of Healing | 1 | |
| Scroll of Town Portal | 1 | |
8 total
UDQueenShiklah (
red | 51 APM | 783 actions | 15:20)
2 Dark Ranger
1 Black Arrow
1 Life Drain
» actions
| Basic commands | 5 | |
| Build / train | 44 | |
| Enter build submenu | 22 | |
| Enter hero's abilities submenu | 2 | |
| Give item / drop item | 8 | |
| Right click | 523 | |
| Select / deselect | 145 | |
| Use ability | 33 | |
783 total
» units
| Acolyte | 8 | |
| Ghoul | 9 | |
| Goblin Shredder | 2 | |
| Goblin Zeppelin | 2 | |
| Goblin Sapper | 2 | |
| Green Drake | 1 | |
24 total
» upgrades
| Creature Carapace | 1 | |
| Creature Attack | 1 | |
2 total
» buildings
| Graveyard | 1 | |
| Ziggurat | 14 | |
| Tomb of Relics | 1 | |
| Altar of Darkness | 1 | |
| Crypt | 1 | |
| Nerubian Tower | 4 | |
| Necropolis | 1 | |
| Spirit Tower | 7 | |
| Halls of the Dead | 2 | |
| Black Citadel | 1 | |
| Sacrificial Pit | 1 | |
34 total
» build order
00:15 Graveyard
00:22 Ziggurat
00:52 Tomb of Relics
01:05 Altar of Darkness
01:23 Crypt
01:37 Ziggurat
02:04 Nerubian Tower
02:45 Nerubian Tower
04:02 Necropolis
06:07 Ziggurat
06:11 Ziggurat
06:15 Ziggurat
06:20 Ziggurat
06:26 Ziggurat
07:15 Nerubian Tower
07:22 Nerubian Tower
07:50 Spirit Tower
07:52 Spirit Tower
09:02 Halls of the Dead
09:14 Spirit Tower
10:19 Ziggurat
10:24 Ziggurat
11:10 Ziggurat
11:16 Ziggurat
11:19 Ziggurat
11:23 Ziggurat
11:27 Ziggurat
11:32 Spirit Tower
11:40 Spirit Tower
12:19 Black Citadel
12:55 Spirit Tower
13:13 Spirit Tower
13:38 Sacrificial Pit
» items
team 2 (winner)
WatUGoing (
orange | 62 APM | 956 actions | 15:24)
4 Far Seer
2 Feral Spirit
2 Chain Lighting
3 Tauren Chieftain
2 War Stomp
1 Endurance Aura
2 Pandaren Brewmaster
1 Breath of Fire
1 Drunken Brawler
» actions
| Assign group hotkey | 27 | |
| Basic commands | 47 | |
| Build / train | 57 | |
| Enter build submenu | 12 | |
| Enter hero's abilities submenu | 9 | |
| Give item / drop item | 4 | |
| Right click | 412 | |
| Select / deselect | 149 | |
| Select group hotkey | 179 | |
| Use ability | 60 | |
956 total
» units
| Peon | 7 | |
| Grunt | 4 | |
| Troll Witch Doctor | 5 | |
| Shaman | 6 | |
22 total
» upgrades
| Shaman Training | 2 | |
| Witch Doctor Training | 2 | |
4 total
» buildings
| Altar of Storms | 1 | |
| Orc Burrow | 7 | |
| Barracks | 1 | |
| Voodoo Lounge | 1 | |
| Stronghold | 1 | |
| Spirit Lodge | 2 | |
| Fortress | 1 | |
14 total
» build order
00:10 Altar of Storms
00:20 Orc Burrow
00:52 Barracks
01:29 Orc Burrow
01:50 Voodoo Lounge
02:55 Stronghold
03:52 Orc Burrow
05:22 Spirit Lodge
05:23 Spirit Lodge
06:51 Fortress
08:58 Orc Burrow
11:32 Orc Burrow
11:33 Orc Burrow
» items
| Healing Salve | 2 | |
| Scroll of Speed | 1 | |
| Potion of Mana | 2 | |
| Lesser Clarity Potion | 1 | |
| Boots of Speed | 3 | |
| Scroll of Healing | 2 | |
| Scroll of Protection | 1 | |
| Potion of Lesser Invulnerability | 1 | |
13 total
BLINKANDURDEAD (
pink | 70 APM | 1082 actions | 15:24)
4 Tauren Chieftain
2 War Stomp
2 Endurance Aura
3 Shadow Hunter
2 Healing Wave
1 Hex
» actions
| Assign group hotkey | 28 | |
| Basic commands | 31 | |
| Build / train | 44 | |
| ESC pressed | 1 | |
| Enter build submenu | 16 | |
| Enter hero's abilities submenu | 7 | |
| Right click | 556 | |
| Select / deselect | 120 | |
| Select group hotkey | 234 | |
| Use ability | 44 | |
1082 total
» units
| Peon | 7 | |
| Grunt | 4 | |
| Spirit Walker | 2 | |
| Tauren | 2 | |
15 total
» upgrades
| Berserker Strength | 1 | |
| Spirit Walker Training | 2 | |
| Armor | 2 | |
| Melee Weapons | 1 | |
| Pulverize | 1 | |
7 total
» buildings
| Altar of Storms | 1 | |
| Orc Burrow | 6 | |
| Barracks | 1 | |
| Voodoo Lounge | 1 | |
| Stronghold | 1 | |
| War Mill | 1 | |
| Spirit Lodge | 1 | |
| Watch Tower | 3 | |
| Fortress | 2 | |
| Tauren Totem | 2 | |
19 total
» build order
00:16 Altar of Storms
00:25 Orc Burrow
00:55 Barracks
01:39 Orc Burrow
02:13 Voodoo Lounge
03:18 Stronghold
04:21 War Mill
04:42 Orc Burrow
05:45 Spirit Lodge
07:40 Watch Tower
07:42 Fortress
07:46 Watch Tower
07:50 Watch Tower
08:48 Orc Burrow
10:11 Tauren Totem
10:13 Tauren Totem
12:08 Orc Burrow
13:41 Orc Burrow
» items
| Healing Salve | 3 | |
| Scroll of Speed | 1 | |
| Scroll of Town Portal | 1 | |
| Lesser Clarity Potion | 1 | |
6 total
Imbecile (
teal | 34 APM | 521 actions | 15:28)
» actions
| Basic commands | 11 | |
| Build / train | 49 | |
| Enter build submenu | 49 | |
| Right click | 118 | |
| Select / deselect | 187 | |
| Use ability | 107 | |
521 total
» units
| Peasant | 23 | |
| Goblin Zeppelin | 6 | |
| Goblin Shredder | 1 | |
| Green Dragon | 1 | |
31 total
» upgrades
| Masonry | 2 | |
| Lumber Harvesting | 1 | |
3 total
» buildings
| Farm | 12 | |
| Lumber Mill | 2 | |
| Scout Tower | 63 | |
| Arcane Tower | 2 | |
| Guard Tower | 11 | |
| Keep | 1 | |
| Arcane Vault | 1 | |
| Town Hall | 1 | |
| Altar of Kings | 1 | |
| Castle | 1 | |
| Arcane Sanctum | 1 | |
| Blacksmith | 2 | |
98 total
» build order
01:03 Farm
01:06 Farm
01:08 Farm
01:15 Lumber Mill
01:26 Scout Tower
01:28 Scout Tower
01:46 Farm
01:47 Farm
01:49 Farm
01:50 Farm
01:59 Arcane Tower
02:16 Arcane Tower
03:02 Farm
03:05 Farm
03:11 Farm
03:12 Farm
03:19 Scout Tower
03:20 Scout Tower
03:21 Scout Tower
03:21 Scout Tower
04:20 Farm
04:25 Scout Tower
04:26 Scout Tower
04:30 Scout Tower
04:32 Scout Tower
04:34 Scout Tower
04:34 Scout Tower
04:38 Scout Tower
04:40 Scout Tower
04:41 Scout Tower
04:42 Scout Tower
04:45 Scout Tower
04:46 Scout Tower
04:54 Guard Tower
05:39 Keep
05:54 Guard Tower
06:17 Arcane Vault
06:31 Guard Tower
08:05 Town Hall
08:15 Scout Tower
08:16 Scout Tower
08:18 Scout Tower
08:19 Scout Tower
08:20 Scout Tower
08:21 Scout Tower
08:22 Scout Tower
08:23 Scout Tower
08:24 Scout Tower
08:25 Scout Tower
08:32 Altar of Kings
08:44 Scout Tower
08:46 Scout Tower
08:48 Scout Tower
08:49 Scout Tower
08:53 Scout Tower
08:55 Scout Tower
08:56 Scout Tower
08:59 Scout Tower
08:59 Scout Tower
09:01 Scout Tower
09:02 Scout Tower
09:04 Scout Tower
09:05 Scout Tower
09:07 Scout Tower
09:23 Guard Tower
09:51 Guard Tower
09:55 Guard Tower
11:44 Guard Tower
11:50 Guard Tower
12:04 Lumber Mill
12:13 Castle
12:36 Scout Tower
12:38 Scout Tower
12:39 Scout Tower
12:39 Scout Tower
12:41 Scout Tower
12:42 Scout Tower
12:42 Scout Tower
12:42 Scout Tower
12:44 Scout Tower
12:44 Scout Tower
12:45 Scout Tower
12:46 Scout Tower
12:53 Scout Tower
12:55 Scout Tower
12:57 Scout Tower
12:59 Scout Tower
13:03 Scout Tower
13:05 Scout Tower
13:06 Scout Tower
13:07 Scout Tower
13:38 Guard Tower
13:42 Scout Tower
13:46 Arcane Sanctum
14:06 Guard Tower
14:20 Guard Tower
14:36 Blacksmith
14:37 Blacksmith
Super_Mario3242 (
green | 195 APM | 3000 actions | 15:24)
4 Death Knight
2 Death Coil
2 Unholy Aura
3 Lich
2 Frost Nova
1 Dark Ritual
2 Dark Ranger
1 Silence
1 Black Arrow
» actions
| Assign group hotkey | 610 | |
| Basic commands | 127 | |
| Build / train | 73 | |
| ESC pressed | 1 | |
| Enter build submenu | 17 | |
| Enter hero's abilities submenu | 9 | |
| Give item / drop item | 3 | |
| Right click | 1229 | |
| Select / deselect | 360 | |
| Select group hotkey | 432 | |
| Use ability | 139 | |
3000 total
» units
| Acolyte | 13 | |
| Ghoul | 3 | |
| Crypt Fiend | 13 | |
| Obsidian Statue | 7 | |
| Goblin Shredder | 2 | |
38 total
» upgrades
| Destroyer Form | 1 | |
| Web | 1 | |
| Creature Attack | 2 | |
| Creature Carapace | 1 | |
| Burrow | 1 | |
6 total
» buildings
| Graveyard | 1 | |
| Crypt | 1 | |
| Altar of Darkness | 1 | |
| Ziggurat | 8 | |
| Tomb of Relics | 1 | |
| Halls of the Dead | 1 | |
| Necropolis | 2 | |
| Black Citadel | 1 | |
| Slaughterhouse | 2 | |
| Spirit Tower | 2 | |
20 total
» build order
00:08 Graveyard
00:10 Crypt
00:35 Altar of Darkness
00:48 Ziggurat
01:22 Tomb of Relics
01:51 Ziggurat
04:38 Halls of the Dead
05:02 Necropolis
05:25 Ziggurat
07:04 Black Citadel
07:43 Slaughterhouse
07:45 Ziggurat
07:46 Ziggurat
10:26 Slaughterhouse
10:33 Spirit Tower
10:40 Spirit Tower
12:29 Ziggurat
12:30 Ziggurat
12:30 Ziggurat
14:14 Necropolis
» items
| Rod of Necromancy | 2 | |
| Sacrificial Skull | 1 | |
| Potion of Healing | 2 | |
| Scroll of Town Portal | 4 | |
| Scroll of Healing | 1 | |
| Orb of Corruption | 1 | |
11 total
Chat log
(00:15 / Allies) Super_Mario3242: can i get some gold
(00:22 / Allies) BLINKANDURDEAD: y
(00:23 / Allies) Super_Mario3242: thanks
(00:34 / Allies) BLINKANDURDEAD: can undead plz carry :D
(00:48 / Allies) WatUGoing: doc sham
(01:14 / Allies) BLINKANDURDEAD: guess il get tauren walker
(01:24 / Allies) BLINKANDURDEAD: TC
(02:29 / Allies) Super_Mario3242: solo with your blademaster
(02:29 / Allies) BLINKANDURDEAD: kk
(02:33 / Allies) BLINKANDURDEAD: i went TC bub
(03:00 / Allies) BLINKANDURDEAD: sry
(05:12 / Allies) BLINKANDURDEAD: yaaaa
(06:19 / Allies) BLINKANDURDEAD: niiiiice
(06:25 / Allies) BLINKANDURDEAD: main
(06:34 / Allies) BLINKANDURDEAD: he cant repair XD
(06:37 / Allies) BLINKANDURDEAD: get main damn
(06:38 / Allies) Super_Mario3242: get the acos
(06:55 / Allies) BLINKANDURDEAD: i want the main
(07:07 / Allies) BLINKANDURDEAD: YES
(07:18 / Allies) Super_Mario3242: lol
(07:21 / Allies) Super_Mario3242: book the of the dead
(07:21 / Allies) Super_Mario3242: OP
(07:28 / Allies) BLINKANDURDEAD: BOOK OF GG SON
(07:37 / Allies) Super_Mario3242: tech
(07:38 / Allies) Super_Mario3242: to taurens
(08:40 / Allies) BLINKANDURDEAD: ?
(08:43 / Allies) Super_Mario3242: ya i guess
(08:45 / Allies) Super_Mario3242: thy not leavin
(08:47 / Allies) Super_Mario3242: get shredder etc
(08:51 / Allies) BLINKANDURDEAD: look at teal...
(08:57 / Allies) Super_Mario3242: everyone is teal to me
(08:58 / Allies) BLINKANDURDEAD: they here
(09:22 / Allies) BLINKANDURDEAD: well the game is even we have 3 armies
(09:38 / Allies) BLINKANDURDEAD: ?
(10:59 / Allies) BLINKANDURDEAD: get tsapper
(11:18 / Allies) BLINKANDURDEAD: wtf lol
(12:09 / Allies) BLINKANDURDEAD: well ty
(12:48 / Allies) BLINKANDURDEAD: got spirit link lets do it
(14:29 / Allies) BLINKANDURDEAD: where to
(14:49 / All) ellicottcity: guys\
(14:51 / All) ellicottcity: hit red plz
(14:55 / All) ellicottcity: because he doesnt have an army
(14:58 / All) ellicottcity: and if he leaves i will leave
(14:59 / All) Joseph.Curwen: red's legit autistic
(15:07 / All) BLINKANDURDEAD: teal hasnt had an army the whole game
(15:14 / All) Joseph.Curwen: gg